 Dungeon Crawl Stone Soup version 0.25-a0-388-g41a7e554cb (webtiles) character file.

Game seed: 2242190273257565040, levelgen mode: deterministic

137979 Borgoz the Bludgeoner (level 17, -2/108 HPs)
             Began as a Gargoyle Gladiator on Jan 7, 2020.
             Was the Champion of Okawaru.
             Killed from afar by a merfolk aquamancer (39 damage)
             ... with a shard of ice
             ... on level 3 of the Shoals.
             The game lasted 00:56:50 (30497 turns).

Borgoz the Bludgeoner (Gargoyle Gladiator)         Turns: 30497, Time: 00:56:50

Health: -2/108     AC: 45    Str: 23    XL:     17   Next: 25%
Magic:  23/23      EV: 21    Int:  8    God:    Okawaru [******]
Gold:   2399       SH:  8    Dex: 20    Spells: 10/16 levels left

rFire    + . .     SeeInvis +   a - +1 demon whip (elec)
rCold    . . .     Gourm    .   u - +0 buckler {reflect}
rNeg     + . .     Faith    .   G - +9 chain mail of the Equinox {rPois Slay+2}
rPois    ∞         Spirit   .   y - +2 hat {SInv}
rElec    +         Reflect  +   b - +0 cloak {MR+}
rCorr    .         Harm     .   d - +0 pair of gloves {Dex+3}
MR       ++...                  O - +1 pair of boots {run}
Stlth    ..........             (no amulet)
HPRegen  0.28/turn              k - ring of protection from fire
MPRegen  0.18/turn              J - +3 ring of dexterity

@: heroism, flying, mesmerised, quick
A: big wings, negative energy resistance 1, electricity resistance, unbreathing,
petrification resistance, rot immunity, AC +12
a: Stop Flying, Heroism, Finesse, Renounce Religion


You were on level 3 of the Shoals.
You worshipped Okawaru.
Okawaru was exalted by your worship.
You were not hungry.

You visited 5 branches of the dungeon, and saw 27 of its levels.
You also visited: Sewer and Volcano.

You collected 3097 gold pieces.
You spent 698 gold pieces at shops.

Inventory:

Hand Weapons
 a - a +1 demon whip of electrocution (weapon)
 g - a +0 dire flail of crushing
 i - the +1 battleaxe "Ereots" {drain, Str+2}
   (You found it on level 1 of the Shoals)

   A truly terrible weapon, it drains the life of those it strikes.
   It affects your strength (+2).
Missiles
 s - 28 javelins
 B - 2 throwing nets (quivered)
Armour
 b - a +0 cloak of magic resistance (worn)
 d - a +0 pair of gloves of dexterity (worn)
 u - a +0 buckler of reflection (worn)
 y - a +2 hat of see invisible (worn)
 G - the +9 chain mail of the Equinox (worn) {rPois Slay+2}
   (You bought it in a shop on level 8 of the Dungeon)

   It affects your accuracy and damage with ranged weapons and melee attacks
   (+2).
   It protects you from poison.
 O - a +1 pair of boots of running (worn)
Jewellery
 k - a ring of protection from fire (left hand)
 H - an uncursed ring of ice
 J - a +3 ring of dexterity (right hand)
Wands
 n - a wand of paralysis (10)
 p - a wand of acid (5)
 t - a wand of clouds (2)
 w - a wand of iceblast (26)
 P - a wand of scattershot (5)
Scrolls
 e - 4 scrolls of teleportation
 l - 12 scrolls of remove curse
 x - 3 scrolls of fear
 F - 4 scrolls of fog
 K - 3 scrolls of magic mapping
Potions
 h - 12 potions of curing
 q - 2 potions of ambrosia
 r - 3 potions of cancellation
 v - 6 potions of might
 z - 3 potions of heal wounds
 A - 6 potions of agility
 D - 4 potions of haste
 L - 3 potions of berserk rage
 S - 3 potions of resistance
Comestibles
 c - a chunk of flesh
 f - 56 rations


   Skills:
 + Level 13.1(18.1) Fighting
 * Level 16.4(21.4) Maces & Flails
 - Level 1.7(6.7) Throwing
 * Level 15.3(20.3) Armour
 * Level 12.4(17.4) Dodging
 - Level 6.0(11.0) Shields
 - Level 8.0 Invocations
 - Level 4.0 Evocations


You had 10 spell levels left.
You knew the following spells:

 Your Spells              Type           Power        Failure   Level  Hunger
a - Confusing Touch       Hex            #.....       83%         1    ##.....
b - Blink                 Tloc           N/A          92%         2    ###....
c - Confuse               Hex            #.......     99%         3    ####...

Your spell library contained the following spells:

 Spells                   Type           Power        Failure   Level  Hunger
 Animate Skeleton         Necr           N/A          83%         1    ##.....
 Corona                   Hex            #......      83%         1    ##.....
 Freeze                   Ice            #...         83%         1    ##.....
 Magic Dart               Conj           #...         83%         1    ##.....
 Pain                     Necr           #...         83%         1    ##.....
 Sting                    Tmut/Pois      #...         83%         1    ##.....
 Summon Small Mammal      Summ           #...         83%         1    ##.....
 Call Imp                 Summ           #.......     92%         2    ###....
 Ensorcelled Hibernation  Hex/Ice        #.....       92%         2    ###....
 Passwall                 Tmut/Erth      #.......     92%         2    ###....
 Poisonous Vapours        Pois/Air       #.....       92%         2    ###....
 Slow                     Hex            #.......     92%         2    ###....
 Sticks to Snakes         Tmut           #.......     92%         2    ###....
 Call Canine Familiar     Summ           #.......     99%         3    ####...
 Conjure Flame            Conj/Fire      #.......     99%         3    ####...
 Dazzling Flash           Conj/Hex       #.....       99%         3    ####...
 Gell's Gravitas          Tloc           #.........   99%         3    ####...
 Ignite Poison            Fire/Tmut/Pois #.......     99%         3    ####...
 Mephitic Cloud           Conj/Pois/Air  #.......     99%         3    ####...
 Ozocubu's Armour         Chrm/Ice       #.......     99%         3    ####...
 Summon Guardian Golem    Hex/Summ       #.......     99%         3    ####...
 Tukima's Dance           Hex            #.......     99%         3    ####...
 Vampiric Draining        Necr           #.........   99%         3    ####...
 Animate Dead             Necr           N/A          100%        4    #####..
 Hailstorm                Conj/Ice       #.......     100%        4    #####..
 Olgreb's Toxic Radiance  Pois           #.......     100%        4    #####..
 Passage of Golubria      Tloc           N/A          100%        4    #####..
 Petrify                  Tmut/Erth      #.......     100%        4    #####..
 Summon Ice Beast         Ice/Summ       #.......     100%        4    #####..
 Summon Lightning Spire   Summ/Air       #.......     100%        4    #####..
 Agony                    Necr           #.......     100%        5    ######.
 Alistair's Intoxication  Tmut/Pois      #.......     100%        5    ######.
 Borgnjor's Vile Clutch   Necr/Erth      #.........   100%        5    ######.
 Irradiate                Conj/Tmut      #.........   100%        5    ######.
 Metabolic Englaciation   Hex/Ice        #.........   100%        5    ######.
 Silence                  Hex/Air        #.........   100%        5    ######.
 Yara's Violent Unravell  Hex/Tmut       #.........   100%        5    ######.
 Conjure Ball Lightning   Conj/Air       #.........   100%        6    #######
 Darkness                 Hex            #.........   100%        6    #######
 Deflect Missiles         Chrm/Air       #.........   100%        6    #######
 Eringya's Noxious Bog    Tmut/Pois      #.........   100%        6    #######
 Shadow Creatures         Summ           N/A          100%        6    #######
 Simulacrum               Ice/Necr       #.........   100%        6    #######
 Controlled Blink         Tloc           N/A          100%        8    #######
 Tornado                  Air            #.........   100%        9    #######
 Sublimation of Blood     Necr           Unusable     N/A         2    N/A
 Statue Form              Tmut/Erth      Unusable     N/A         6    N/A

Dungeon Overview and Level Annotations

Branches:
Dungeon (15/15)            Temple (1/1) D:5            Lair (6/6) D:8
 Shoals (3/4) Lair:3        Snake (0/4) Lair:2        Slime (0/5) Lair:5
    Orc (2/2) D:10            Elf (0/3) Orc:2        Vaults (0/5) D:13
 Depths (0/5) D:15          Sewer (visited)         Volcano (visited)

Altars:
Ashenzari
Cheibriados
Dithmenos
Gozag
Makhleb
Okawaru
Ru
Sif Muna
Trog
Uskayaw
Wu Jian
Xom
Yredelemnul
Zin

Shops:
D:5 (   D:6 (   D:8 ![   D:10 *   Orc:1 *   Orc:2 (*%[

Portals:
Trove: D:10 (give +6 ice dragon scales)


Innate Abilities, Weirdness & Mutations

You are resistant to torment.
Your stone body is resilient. (AC +12)
You are immune to poison.
Your large and strong wings let you fly indefinitely.
You resist negative energy. (rN+)
You are resistant to electric shocks. (rElec)
You can survive without breathing.
You are immune to petrification.
You are immune to rotting.


Message History

The shadowy forms in the deep grow still as others approach.
You block the sea snake's attack. The drowned soul touches you.
You closely miss the sea snake.
The sea snake is severely wounded.
The merfolk avatar chants its luring song.
You hit the sea snake but do no damage.
The sea snake is severely wounded.
The sea snake bites you but does no damage.
You whack the sea snake!
The sea snake is almost dead.
The sea snake misses you.
You closely miss the sea snake.
The sea snake is almost dead.
The merfolk avatar chants its luring song.
You closely miss the sea snake.
The sea snake is almost dead.
The sea snake bites you but does no damage.
The merfolk aquamancer casts a spell at you.
The shard of ice hits you!!!
You die...

.≈≈≈≈≈≈≈≈≈≈≈≈≈≈≈≈≈≈ ≈≈≈≈.
#≈≈≈≈≈≈≈≈≈≈≈≈≈≈≈≈≈≈≈ ≈≈≈≈≈
#≈≈≈≈≈≈≈≈≈≈≈≈≈≈≈≈≈≈≈
≈≈≈≈≈##≈≈≈≈≈≈≈≈≈≈≈≈≈...≈≈≈
≈≈≈≈≈≈#≈≈≈≈≈≈≈≈≈≈≈≈....≈≈≈
≈≈≈≈≈≈≈m≈≈≈≈≈≈≈.≈≈.....≈≈≈
≈≈≈≈≈≈≈≈≈≈≈≈≈≈≈≈...###..≈≈
≈≈≈≈≈≈≈≈≈≈≈≈≈≈.....###...≈
.≈≈≈≈≈≈≈S@≈≈..###...#.....
..≈≈≈m≈≈≈≈≈≈.## ###....≈≈≈
..≈≈≈≈≈≈≈≈≈≈.# ###.....≈≈
)≈≈≈.....≈≈≈.####.......≈≈
≈≈≈≈.#.###.........###..≈≈
≈≈≈≈... #.≈...≈.####...≈≈
≈≈≈≈≈.. .≈≈≈≈≈≈≈###.÷..≈≈
≈≈≈≈≈≈≈ ≈.≈≈..≈≈≈.##...≈≈≈
≈.≈ ≈≈≈..^≈≈≈......≈≈≈≈


You could see a merfolk avatar, a sea snake and a merfolk aquamancer.

Vanquished Creatures
  Rupert (Lair:6)
  Gastronok (D:10)
  Roxanne (Shoals:1)
  Aizul (Shoals:1)
  3 orc warlords
  A stone giant (Volcano)
  A merfolk javelineer (Shoals:2)
  Josephine (Lair:4)
  An ettin (D:10)
  A rakshasa (D:14)
  Fannar (Orc:1)
  4 ogre magi (Orc:2)
  8 hydras
  8 vault guards (D:13)
  6 centaur warriors
  4 catoblepae
  6 merfolk aquamancers
  A merfolk avatar (Shoals:2)
  15 two-headed ogres
  A tengu warrior (D:11)
  An orc high priest (Orc:1)
  Nergalle (D:10)
  3 skeletal warriors (D:13)
  4 slime creatures
  An unseen horror (D:11)
  2 sea snakes (Shoals:1)
  A harpy (shapeshifter) (D:13)
  A necromancer (D:15)
  Pikel (D:5)
  3 wizards
  11 harpies
  A wolf spider zombie (D:15)
  4 orc knights
  A shining eye (shapeshifter) (D:13)
  3 orc sorcerers
  6 manticores
  6 ugly things
  3 cyclopes
  4 fauns
  A salamander (shapeshifter) (D:13)
  2 oklob plants (Lair:2)
  4 deep elf magi
  3 black mambas
  7 elephants
  Joseph (D:10)
  2 naga magi (D:15)
  6 water nymphs
  14 spiny frogs
  3 merfolk sirens
  3 centaur zombies
  3 kobold demonologists (D:13)
  A yaktaur (D:15)
  3 centaur skeletons
  3 gargoyles
  12 komodo dragons
  2 efreet
  A redback zombie (D:15)
  3 merfolk (Shoals:1)
  A queen bee (shapeshifter) (D:14)
  7 trolls
  A queen bee (Lair:3)
  3 wind drakes
  5 hornets
  7 polar bears
  A harpy skeleton (D:15)
  8 blink frogs
  5 dream sheep
  9 hippogriffs
  A snapping turtle (Shoals:1)
  A meliai zombie (D:15)
  13 spriggans
  5 wraiths
  2 shadows
  Eustachio (D:6)
  2 wyverns
  A basilisk (Lair:4)
  2 fire elementals (Volcano)
  5 hungry ghosts
  5 water elementals
  50 yaks
  5 vampire mosquitoes (Lair:1)
  5 wargs
  An insubstantial wisp (Lair:1)
  2 nagas (Lair:2)
  Menkaure (D:5)
  A soldier ant (D:13)
  6 water moccasins
  7 porcupines
  35 orc warriors
  3 black bears
  7 sky beasts
  A slave (D:6)
  2 hornet zombies
  4 ice beasts
  31 ogres
  18 wolves (Lair:6)
  5 boggarts (Lair:6)
  2 eyes of draining
  3 phantoms
  A necrophage (D:11)
  16 centaurs
  8 crocodiles
  2 big kobolds
  13 bullfrogs
  2 earth elementals (Volcano)
  A water moccasin zombie (D:8)
  A wyvern skeleton (D:12)
  2 scorpions
  34 killer bees
  5 wights (D:12)
  5 electric eels
  8 howler monkeys
  7 crimson imps
  A bullfrog zombie (D:11)
  3 jellies
  9 hounds
  27 orc wizards
  15 orc priests
  10 worker ants
  3 iguanas
  A hound zombie (D:9)
  A howler monkey skeleton (D:9)
  3 gnolls (Orc:2)
  15 adders
  3 shadow imps
  2 oozes (Sewer)
  2 adder skeletons
  2 dart slugs
  8 leopard geckos
  101 orcs
  4 bats
  4 giant cockroaches
  6 goblins
  3 hobgoblins
  9 jackals
  40 kobolds
  3 quokkas
  2 ball pythons
  8 frilled lizards
  A jackal skeleton (D:6)
  A jackal zombie (D:5)
  A leopard gecko skeleton (D:5)
  2 quokka skeletons
  11 rats
  3 plants
880 creatures vanquished.

Vanquished Creatures (others)
  A merfolk aquamancer (Shoals:3)
  An iguana (D:6)
  An ooze (D:6)
  An orc (D:9)
  A leopard gecko skeleton (D:6)
  A bush (Lair:3)
  2 fungi
  7 plants
15 creatures vanquished.

Grand Total: 895 creatures vanquished

Notes
Turn   | Place    | Note
-------+----------+-------------------------------------------
     0 | D:1      | Borgoz the Gargoyle Gladiator began the quest for the Orb.
     0 | D:1      | Reached XP level 1. HP: 12/12 MP: 1/1
   618 | D:1      | Reached XP level 2. HP: 17/18 MP: 2/2
  1263 | D:2      | Reached skill level 1 in Armour
  1263 | D:2      | Reached XP level 3. HP: 4/22 MP: 3/3
  1715 | D:2      | Reached XP level 4. HP: 24/27 MP: 4/4
  1731 | D:2      | Found a shattered altar of Ashenzari.
  2371 | D:2      | Found a burning altar of Makhleb.
  2382 | D:2      | Reached skill level 4 in Maces & Flails
  2466 | D:3      | Reached XP level 5. HP: 14/32 MP: 5/5
  2807 | D:3      | Found a hide-covered altar of Uskayaw.
  2808 | D:3      | Noticed a +0 dagger
  2809 | D:3      | Noticed a +0 hand axe
  2878 | D:3      | Reached XP level 6. HP: 19/37 MP: 6/6
  3070 | D:3      | Found a shimmering altar of Xom.
  3376 | D:4      | Found a bloodstained altar of Trog.
  3428 | D:4      | Noticed a phantom
  3450 | D:4      | Killed a phantom
  3450 | D:4      | Reached skill level 5 in Maces & Flails
  3501 | D:4      | Identified the Disquisition on Snow and the Voyage
  3588 | D:4      | Noticed an orc warrior
  3624 | D:4      | Killed an orc warrior
  3624 | D:4      | Reached XP level 7. HP: 8/43 MP: 7/7
  4442 | D:5      | Entered Level 5 of the Dungeon
  4474 | D:5      | Found a staircase to the Ecumenical Temple.
  4525 | Temple   | Entered the Ecumenical Temple
  4575 | Temple   | Became a worshipper of Warmaster Okawaru
  4781 | D:5      | Reached skill level 6 in Maces & Flails
  4798 | D:5      | Found a glowing drain.
  4807 | Sewer    | Entered a sewer
  5133 | D:5      | Found Wuyts's Weapon Emporium.
  5179 | D:5      | Noticed Menkaure
  5185 | D:5      | Killed Menkaure
  5185 | D:5      | Reached XP level 8. HP: 30/48 MP: 8/8
  5837 | D:6      | Noticed Pikel
  5873 | D:5      | Killed Pikel
  5873 | D:5      | Reached * piety under Okawaru
  5873 | D:5      | Reached skill level 5 in Fighting
  5873 | D:5      | Reached skill level 7 in Maces & Flails
  5873 | D:5      | Reached skill level 1 in Invocations
  5989 | D:6      | You fall into a shaft and drop 3 floors!
  6000 | D:9      | Noticed a centaur warrior
  6032 | D:9      | Killed a centaur warrior
  6032 | D:9      | Reached ** piety under Okawaru
  6032 | D:9      | Reached skill level 5 in Armour
  6032 | D:9      | Reached XP level 9. HP: 28/55 MP: 1/11
  6228 | D:9      | Reached skill level 8 in Maces & Flails
  6284 | D:9      | Reached skill level 5 in Dodging
  6306 | D:9      | Found an ornate altar of the Wu Jian Council.
  6694 | D:8      | Reached XP level 10. HP: 48/61 MP: 13/13
  6709 | D:8      | Reached skill level 9 in Maces & Flails
  6791 | D:7      | Reached *** piety under Okawaru
  7039 | D:7      | Found an opulent altar of Gozag.
  7155 | D:6      | Reached skill level 5 in Invocations
  7302 | D:6      | Found a burning altar of Makhleb.
  7304 | D:6      | Found a snail-covered altar of Cheibriados.
  7334 | D:6      | Noticed Eustachio
  7342 | D:6      | Killed Eustachio
  7358 | D:6      | Found Cueqeck's Weapon Shop.
  7798 | D:7      | Found a glowing silver altar of Zin.
  7929 | D:7      | Found a sacrificial altar of Ru.
  8105 | D:8      | Found Quskua's Distillery.
  8166 | D:8      | Found Wirhac's Antique Armour Emporium.
  8179 | D:8      | Bought a jewelled chain mail for 247 gold pieces
  8189 | D:8      | Identified the +9 chain mail of the Equinox {rPois Slay+2}
                  | (You bought it in a shop on level 8 of the Dungeon)
  8225 | D:8      | Found a staircase to the Lair.
  8376 | D:8      | Found a shimmering blue altar of Sif Muna.
  9339 | D:10     | Entered Level 10 of the Dungeon
  9355 | D:10     | Found a staircase to the Orcish Mines.
  9386 | D:10     | Reached **** piety under Okawaru
  9386 | D:10     | Reached skill level 10 in Maces & Flails
  9510 | D:10     | Found a portal to a secret trove of treasure.
  9559 | D:10     | Found Xeijolil's General Store.
  9633 | D:10     | Bought a scroll of identify for 26 gold pieces
  9633 | D:10     | Bought a scroll of identify for 26 gold pieces
  9657 | D:10     | Noticed Gastronok
  9671 | D:10     | Killed Gastronok
  9671 | D:10     | Reached ***** piety under Okawaru
  9671 | D:10     | Reached XP level 11. HP: 60/68 MP: 13/15
  9728 | D:10     | Noticed Nergalle
  9738 | D:10     | Killed Nergalle
 10076 | D:10     | Noticed Joseph
 10093 | D:10     | Killed Joseph
 10400 | D:10     | Received a gift from Okawaru
 10696 | D:11     | Reached skill level 11 in Maces & Flails
 10723 | D:11     | Noticed a centaur warrior
 10744 | D:11     | Killed a centaur warrior
 10863 | D:11     | Noticed an unseen horror
 10882 | D:11     | Killed an unseen horror
 11220 | D:11     | Reached XP level 12. HP: 57/75 MP: 17/17
 11355 | D:11     | Noticed a tengu warrior
 11355 | D:11     | Noticed a centaur warrior
 11376 | D:11     | Killed a tengu warrior
 11383 | D:11     | Killed a centaur warrior
 11493 | D:11     | Reached skill level 12 in Maces & Flails
 12096 | D:12     | You fall into a shaft and drop 3 floors!
 12096 | D:15     | Entered Level 15 of the Dungeon
 12130 | D:15     | Received a gift from Okawaru
 12238 | D:15     | Noticed a catoblepas
 12249 | D:15     | Killed a catoblepas
 12526 | D:14     | Noticed a rakshasa
 12551 | D:14     | Killed a rakshasa
 12715 | D:14     | Noticed a centaur warrior
 12728 | D:14     | Killed a centaur warrior
 12728 | D:14     | Reached skill level 10 in Fighting
 12734 | D:14     | Received a gift from Okawaru
 12760 | D:14     | Got a slimy hat {god gift}
 12771 | D:14     | Identified the +0 hat of the Game of Life {+Blink rC- Str+2
                  | Int+3} (Okawaru gifted it to you on level 14 of the
                  | Dungeon)
 12872 | D:13     | Reached XP level 13. HP: 82/82 MP: 19/19
 13016 | D:13     | Reached skill level 10 in Armour
 13173 | D:13     | Reached skill level 13 in Maces & Flails
 13176 | D:13     | Noticed a vault guard
 13179 | D:13     | Noticed a vault guard
 13181 | D:13     | Noticed a vault guard
 13184 | D:13     | Killed a vault guard
 13190 | D:13     | Killed a vault guard
 13194 | D:13     | Noticed a vault guard
 13196 | D:13     | Killed a vault guard
 13202 | D:13     | Killed a vault guard
 13202 | D:13     | Noticed a vault guard
 13204 | D:13     | Reached ****** piety under Okawaru
 13217 | D:13     | Killed a vault guard
 13225 | D:13     | Noticed a vault guard
 13241 | D:13     | Killed a vault guard
 13352 | D:13     | Noticed a vault guard
 13364 | D:13     | Killed a vault guard
 13371 | D:13     | Noticed a vault guard
 13376 | D:13     | Killed a vault guard
 13559 | D:13     | Found a gate to the Vaults.
 13608 | D:13     | Received a gift from Okawaru
 13692 | D:13     | Paralysed by a kobold for 2 turns
 14176 | D:12     | Found a shimmering altar of Xom.
 14176 | D:12     | Found a basalt altar of Yredelemnul.
 14178 | D:12     | Found a shadowy altar of Dithmenos.
 14178 | D:12     | Found a shimmering altar of Xom.
 14372 | D:12     | Received a gift from Okawaru
 14372 | D:12     | Gained mutation: Your large and strong wings let you fly
                  | indefinitely. [Gargoyle growth]
 14372 | D:12     | Reached XP level 14. HP: 88/88 MP: 20/20
 14952 | D:13     | Reached skill level 14 in Maces & Flails
 14958 | D:13     | Reached skill level 1 in Shields
 14985 | D:13     | Reached skill level 1 in Evocations
 15376 | D:14     | Received a gift from Okawaru
 16875 | D:15     | Found a staircase to the Depths.
 16887 | D:15     | Reached skill level 10 in Dodging
 17233 | Lair:1   | Entered Level 1 of the Lair of Beasts
 17287 | Lair:1   | Received a gift from Okawaru
 18524 | Lair:2   | Found a staircase to the Snake Pit.
 19555 | Lair:2   | Learned a level 1 spell: Confusing Touch
 19558 | Lair:2   | Learned a level 2 spell: Blink
 19562 | Lair:2   | Learned a level 3 spell: Confuse
 19955 | Lair:3   | Reached XP level 15. HP: 95/95 MP: 21/21
 20026 | Lair:3   | Found a staircase to the Shoals.
 20486 | Lair:3   | Received a gift from Okawaru
 20499 | Lair:3   | Identified a +1 pair of boots of running (Okawaru gifted it
                  | to you on level 3 of the Lair of Beasts)
 20734 | Lair:4   | Noticed Josephine
 20758 | Lair:4   | Killed Josephine
 21896 | Lair:5   | Found a staircase to the Slime Pits.
 21920 | Lair:5   | Got a smoking falchion
 21921 | Lair:5   | Identified the +5 falchion of Pohiotz {freeze, rElec rF+
                  | Dex+6} (You found it on level 5 of the Lair of Beasts)
 22069 | Lair:5   | Reached skill level 15 in Maces & Flails
 22314 | Lair:6   | Entered Level 6 of the Lair of Beasts
 22357 | Lair:6   | Noticed Rupert
 22377 | Lair:6   | Killed Rupert
 22813 | Lair:6   | Reached skill level 5 in Shields
 22857 | Lair:6   | Received a gift from Okawaru
 23658 | Orc:1    | Entered Level 1 of the Orcish Mines
 23662 | Orc:1    | Found Buacvumi's Assorted Antiques.
 23712 | Orc:1    | Found a dark tunnel.
 23721 | Volcano  | Entered a volcano
 23989 | Orc:1    | Noticed Fannar
 24007 | Orc:1    | Killed Fannar
 24007 | Orc:1    | Reached XP level 16. HP: 94/101 MP: 22/22
 25410 | Orc:2    | Entered Level 2 of the Orcish Mines
 25918 | Orc:2    | Received a gift from Okawaru
 26318 | Orc:2    | Found Idiclini's Antique Armour Emporium.
 26318 | Orc:2    | Found Putui's General Store.
 26318 | Orc:2    | Found Cunaock's Food Boutique.
 26318 | Orc:2    | Found Kueko's Weapon Shoppe.
 26482 | Orc:2    | Received a gift from Okawaru
 26608 | Orc:2    | Bought a pair of spiked gloves for 399 gold pieces
 26618 | Orc:2    | Identified the +0 pair of gloves of Heriulun {rPois Int-2
                  | Stlth+} (You bought it in a shop on level 2 of the Orcish
                  | Mines)
 26920 | Orc:2    | Found a staircase to the Elven Halls.
 27345 | Shoals:1 | Entered Level 1 of the Shoals
 27354 | Shoals:1 | Received a gift from Okawaru
 27354 | Shoals:1 | Reached skill level 16 in Maces & Flails
 27615 | Shoals:1 | Got an ichor-stained battleaxe
 27622 | Shoals:1 | Identified the cursed +1 battleaxe "Ereots" {drain, Str+2}
                  | (You found it on level 1 of the Shoals)
 27859 | Shoals:1 | Identified Roxanne's Tome of Shape Shifting
 27859 | Shoals:1 | Noticed Roxanne
 28206 | Shoals:1 | Noticed Aizul
 28222 | Shoals:1 | Killed Aizul
 28452 | Shoals:1 | Killed Roxanne
 28452 | Shoals:1 | Reached skill level 15 in Armour
 28452 | Shoals:1 | Reached XP level 17. HP: 21/108 MP: 23/23
 28840 | Shoals:1 | Received a gift from Okawaru
 30497 | Shoals:3 | Killed from afar by a merfolk aquamancer

Levels and vault maps discovered:
D:1:      lightli_arrival_farm, layout_loops_corners
D:2:      layout_rooms, evilmike_ruin_ashenzari, serial_rivers,
          chequers_serial_rivers_room_a, chequers_serial_rivers_micro_b,
          chequers_serial_rivers_micro_e, chequers_serial_rivers_marsh,
          makhleb_heckhound_becter
D:3:      layout_rooms, dancing_weapons_uskayaw, tgw_xom
D:4:      layout_basic, bloody_trog
D:5:      layout_loops_corners, minmay_temple_entry_grid, first_ration,
          serial_shops, shop, portal_sewer_entry_d, kennysheep_generic_room_8,
          uniq_menkaure
D:6:      layout_basic, minitemple, serial_shops,
          nicolae_shop_temple_entry_statues_fountains, uniq_eustachio,
          uniq_pikel
D:7:      layout_rooms, kennysheep_little_box, zin_treasury,
          nicolae_overflow_crystal_walls
D:8:      layout_cave_pools, lemuel_round_altar, grunt_lair_entry_orc_guard_hut,
          serial_shops, nicolae_shop_waterfront, shop
D:9:      layout_layer_cave, lemuel_crystal_altar, the_bakery
D:10:     layout_basic, david_orc_3, enter_trove_3, serial_shops,
          nicolae_shop_behind_doors, uniq_joseph, uniq_gastronok, uniq_nergalle
D:11:     hangedman_cross_veins, layout_loops_ring, grunt_decor_mini_mirrors
D:12:     minmay_the_grid_octo_triangle [minmay_the_grid_octo_shrine,
          minmay_the_grid_octo_prize_star, minmay_the_grid_octo_empty],
          layout_small_grid, kennysheep_cross_bottleneck
D:13:     layout_loops_ring, erik_vaults_2
D:14:     layout_basic, dk_noncrumbling_3
D:15:     grunt_enter_depths_magical_seal, layout_loops_ring
Temple:   minmay_temple_curvy_loop
Lair:1:   layout_cave_pods, pond, lemuel_fruit_tree
Lair:2:   layout_gridlike, guppyfry_snake_entry_island,
          minmay_lair_oklob_chamber
Lair:3:   layout_roguey, minmay_shoals_entry_lonely_mermaid, special_room
          [special_room_bee], serial_bayou_pond_c, grunt_megastairs_4
Lair:4:   layout_gridlike, serial_bayou_shore_b, lemuel_fruit_fields,
          grunt_megastairs_1, uniq_josephine
Lair:5:   nzn_motion_control, layout_long_grid, minmay_slime_entry_pillars,
          chequers_serial_rivers_room_a, beast_lair_carwin_3
Lair:6:   minmay_lair_end_enchanted_forest, layout_small_grid, uniq_rupert
Shoals:1: layout_shoals, abandoned_shop, nicolae_shoals_water_shrine,
          uniq_aizul, uniq_roxanne
Shoals:2: layout_shoals
Shoals:3: layout_shoals, nicolae_shoals_aquamancer_cove
Orc:1:    layout_diamond_mine, nicolae_volcano_entry_s_turn, serial_shops,
          nicolae_shop_overgrown_old_shop, minmay_orc_treasury, uniq_fannar
Orc:2:    st_orc_ogre_mass, layout_caves, guppyfry_library_mini

Skill      XL: |  1  2  3  4  5  6  7  8  9 10 11 12 13 14 15 16 17 |
---------------+----------------------------------------------------+-----
Armour         | 1 2 3 4 5 6 7 8 9 11 12 13 15 | 15.3
Fighting       | 3 4 5 6 8 10 11 12 13 | 13.1
Maces & Flails | 4 5 6 7 8 10 11 12 13 14 15 16 | 16.4
Dodging        | 3 4 5 6 7 8 9 10 11 12 | 12.4
Invocations    | 3 4 6 7 8 |  8.0
Shields        | 3 5 6 |  6.0
Evocations     | 3 4 |  4.0
Throwing       | |  1.7

Action                   |  1- 3 |  4- 6 |  7- 9 | 10-12 | 13-15 | 16-18 || total
-------------------------+-------+-------+-------+-------+-------+-------++-------
Melee: Flail             |   118 |   192 |     8 |       |       |       ||   318
       Dire flail        |       |       |   362 |   603 |       |       ||   965
       Great mace        |       |       |       |   102 |   135 |       ||   237
       Demon whip        |       |       |       |       |  1371 |   843 ||  2214
Throw: Throwing net      |       |     3 |       |       |       |       ||     3
Invok: Heroism           |       |       |       |     4 |     2 |     7 ||    13
 Abil: Fly               |       |       |       |       |     1 |       ||     1
Evoke: Wand              |       |     8 |       |       |     1 |     3 ||    12
  Use: Scroll            |     4 |     5 |     5 |    10 |    12 |     6 ||    42
       Potion            |       |     2 |     1 |     4 |     2 |       ||     9
 Stab: Paralysed         |       |     7 |       |       |       |       ||     7
       Held in net/web   |       |     2 |       |       |       |       ||     2
  Eat: Chunk             |     3 |     6 |    10 |    27 |    34 |    21 ||   101
       Ration            |       |       |       |     1 |       |       ||     1
Armor: Leather armour    |    78 |     7 |       |       |       |       ||    85
       Scale mail        |       |    77 |     2 |       |       |       ||    79
       Chain mail        |       |       |   278 |   469 |   575 |   227 ||  1549
Dodge: Dodged            |    97 |   131 |   224 |   322 |   745 |   416 ||  1935
Block: Buckler           |       |       |       |       |   230 |   203 ||   433
       Reflection        |       |       |       |       |     6 |     7 ||    13

Table legend:
 A = Non-vault XP
 B = Vault XP
 C = Vault XP percentage of total XP
 D = Non-vault monster count
 E = Vault monster count
 F = Vault count percentage of total count
                 A         B        C        D         E       F
            +---------+---------+-------+---------+---------+-------
      Total |   98433 |   98681 |  50.1 |     555 |     323 |  36.8
            +---------+---------+-------+---------+---------+-------
        D:1 |      20 |       0 |   0.0 |      13 |       0 |   0.0
        D:2 |      78 |      43 |  35.5 |      24 |       1 |   4.0
        D:3 |     240 |       3 |   1.2 |      30 |       1 |   3.2
        D:4 |     425 |       3 |   0.7 |      14 |       1 |   6.7
        D:5 |     206 |     833 |  80.2 |      11 |       3 |  21.4
        D:6 |     614 |     211 |  25.6 |      17 |       1 |   5.6
        D:7 |    1177 |       0 |   0.0 |      18 |       0 |   0.0
        D:8 |     905 |     594 |  39.6 |      14 |       5 |  26.3
        D:9 |    2150 |     229 |   9.6 |      37 |       1 |   2.6
       D:10 |    3462 |    5269 |  60.3 |      28 |      13 |  31.7
       D:11 |    4347 |    4997 |  53.5 |      26 |      18 |  40.9
       D:12 |    4811 |    5316 |  52.5 |      30 |      10 |  25.0
       D:13 |   11678 |    7858 |  40.2 |      53 |       8 |  13.1
       D:14 |    6490 |       0 |   0.0 |      21 |       0 |   0.0
       D:15 |    7680 |    4070 |  34.6 |      21 |       9 |  30.0
     Lair:1 |    3241 |    1039 |  24.3 |      15 |       6 |  28.6
     Lair:2 |    3634 |    1350 |  27.1 |      11 |       4 |  26.7
     Lair:3 |    4235 |    4792 |  53.1 |      14 |      35 |  71.4
     Lair:4 |    8311 |    1918 |  18.8 |      18 |       6 |  25.0
     Lair:5 |    4575 |    5409 |  54.2 |      22 |      13 |  37.1
     Lair:6 |    4035 |   11476 |  74.0 |      10 |      48 |  82.8
   Shoals:1 |   12469 |    9491 |  43.2 |      26 |      13 |  33.3
   Shoals:2 |    4138 |       0 |   0.0 |       6 |       0 |   0.0
   Shoals:3 |    3014 |    2242 |  42.7 |       6 |       3 |  33.3
      Orc:1 |     639 |    8840 |  93.3 |       8 |      41 |  83.7
      Orc:2 |    5859 |   19435 |  76.8 |      62 |      51 |  45.1
      Sewer |       0 |      60 | 100.0 |       0 |      24 | 100.0
    Volcano |       0 |    3203 | 100.0 |       0 |       8 | 100.0
            +---------+---------+-------+---------+---------+-------
